HSSL
HUNTSVILLE HS WASPS @ SANTA FE HS CHIEFS
05/12/2030
 
TOP OF THE 1ST
Huntsville HS Wasps batting - Pitching for Santa Fe HS Chiefs : RHP Ken Snyder
Pitching: RHP Ken Snyder
Batting: RHB Fernando Sauceda 0-0: Ball
1-0: Ball
2-0: Foul Ball, location: 2F
2-1: Foul Ball, location: 2F
2-2: Fly out, F9 (Line Drive, 9S)
Batting: RHB Travis McKenzie 0-0: Reached on error, E6 (Groundball, 6)
Batting: RHB David Kemp 0-0: Ball
1-0: Ball
2-0: Fly out, F7 (Flyball, 7S)
Batting: RHB Chester Horn 0-0: Ball
1-0: Ground out 4-3 (Groundball, 4M)
Top of the 1st over - 0 runs, 0 hits, 1 error, 1 left on base; Huntsville HS 0 - Santa Fe HS 0
BOTTOM OF THE 1ST
Santa Fe HS Chiefs batting - Pitching for Huntsville HS Wasps : RHP Bryan Lynch
Pitching: RHP Bryan Lynch
Batting: RHB Chris Ledoux 0-0: Ball
1-0: Ground out 6-3 (Groundball, 6)
Batting: RHB Juan Bannatyne 0-0: Ground out 5-3 (Groundball, 56S)
Batting: SHB Victor Gaines 0-0: Ball
1-0: SINGLE (Groundball, 4MD)
Batting: RHB Anthony Scott 0-0: Called Strike
Victor Gaines is caught stealing 2nd base
Bottom of the 1st over - 0 runs, 1 hit, 0 errors, 0 left on base; Huntsville HS 0 - Santa Fe HS 0
TOP OF THE 2ND
Huntsville HS Wasps batting - Pitching for Santa Fe HS Chiefs : RHP Ken Snyder
Batting: RHB Charlie Harris 0-0: Foul Ball, location: 2F
0-1: Foul Ball, location: 2F
0-2: Fly out, F7 (Flyball, 7S)
Batting: RHB Jeff Duncan 0-0: Ground out 4-3 (Groundball, 4)
Batting: RHB Travis Baker 0-0: Swinging Strike
0-1: Ball
1-1: Swinging Strike
1-2: Strikes out looking
Top of the 2nd over - 0 runs, 0 hits, 0 errors, 0 left on base; Huntsville HS 0 - Santa Fe HS 0
BOTTOM OF THE 2ND
Santa Fe HS Chiefs batting - Pitching for Huntsville HS Wasps : RHP Bryan Lynch
Batting: RHB Anthony Scott 0-0: Called Strike
0-1: SINGLE (Flyball, 8RS)
Batting: RHB Dave Cooke 0-0: Hit by Pitch
Anthony Scott to second
Batting: RHB Bryan Tillman 0-0: Ball
1-0: Called Strike
1-1: Foul Ball, location: 2F
1-2: Fly out, F7 (Flyball, 7)
Batting: RHB Stanley Austin 0-0: Called Strike
0-1: Foul Ball, location: 2F
0-2: Ball
1-2: DOUBLE (Line Drive, 78D)
Anthony Scott scores
Dave Cooke to third
Batting: RHB Ken Walters 0-0: Ball
1-0: Ball
2-0: Ball
3-0: Base on Balls
Batting: RHB George Hill 0-0: Ball
1-0: Foul Ball, location: 2F
1-1: Ball
2-1: Ball
3-1: Base on Balls
Dave Cooke scores
Stanley Austin to third
Ken Walters to second
Batting: RHB Chris Ledoux 0-0: Ball
1-0: Called Strike
1-1: Ball
Wild Pitch!
Stanley Austin scores
Ken Walters to third
George Hill to second
2-1: DOUBLE (Line Drive, 89D)
Ken Walters scores
George Hill scores
Batting: RHB Juan Bannatyne 0-0: Ball
1-0: Fly out, F8 (Flyball, 8RM)
Batting: SHB Victor Gaines 0-0: Called Strike
0-1: Foul Ball, location: 2F
0-2: Ball
1-2: SINGLE (Line Drive, 9LS)
Chris Ledoux to third
Runner from 3rd tries for Home, SAFE, no throw
Batting: RHB Anthony Scott 0-0: Ball
1-0: Foul Ball, location: 2F
1-1: Ball
Victor Gaines is caught stealing 2nd base
Bottom of the 2nd over - 6 runs, 4 hits, 0 errors, 0 left on base; Huntsville HS 0 - Santa Fe HS 6
TOP OF THE 3RD
Huntsville HS Wasps batting - Pitching for Santa Fe HS Chiefs : RHP Ken Snyder
Batting: RHB Dave Stroud 0-0: Ball
1-0: Foul Ball, location: 2F
1-1: Called Strike
1-2: Ball
2-2: Foul Ball, location: 2F
2-2: Strikes out swinging
Batting: SHB Al Swanson 0-0: Swinging Strike
0-1: Foul Ball, location: 2F
0-2: Strikes out looking
Batting: RHB Fernando Sauceda 0-0: Ball
1-0: Ball
2-0: Foul Ball, location: 2F
2-1: Ball
3-1: Base on Balls
Batting: RHB Travis McKenzie 0-0: Foul Ball, location: 2F
0-1: Ball
1-1: Fielders Choice at 2nd, 5-4 (Groundball, 5)
Top of the 3rd over - 0 runs, 0 hits, 0 errors, 1 left on base; Huntsville HS 0 - Santa Fe HS 6
BOTTOM OF THE 3RD
Santa Fe HS Chiefs batting - Pitching for Huntsville HS Wasps : RHP Bryan Lynch
Batting: RHB Anthony Scott 0-0: Swinging Strike
0-1: SINGLE (Line Drive, 8LS)
Batting: RHB Dave Cooke 0-0: Ball
1-0: Ball
2-0: Called Strike
2-1: Foul Ball, location: 2F
2-2: Strikes out swinging
Batting: RHB Bryan Tillman 0-0: Ball
Wild Pitch!
Anthony Scott to second
1-0: Ground out 2-3 (Groundball, 2L)
Anthony Scott to third
Batting: RHB Stanley Austin 0-0: Swinging Strike
0-1: Ball
1-1: Foul Ball, location: 2F
1-2: Ball
2-2: Fly out, F9 (Flyball, 89D)
Bottom of the 3rd over - 0 runs, 1 hit, 0 errors, 1 left on base; Huntsville HS 0 - Santa Fe HS 6
TOP OF THE 4TH
Huntsville HS Wasps batting - Pitching for Santa Fe HS Chiefs : RHP Ken Snyder
Batting: RHB David Kemp 0-0: Called Strike
0-1: Ball
1-1: SOLO HOME RUN (Flyball, 7LD), Distance : 374 ft
Batting: RHB Chester Horn 0-0: Foul Ball, location: 2F
0-1: Foul Ball, location: 2F
0-2: Foul Ball, location: 2F
0-2: Foul Ball, location: 2F
0-2: SOLO HOME RUN (Line Drive, 7LD), Distance : 351 ft
Batting: RHB Charlie Harris 0-0: Foul Ball, location: 2F
0-1: Ball
1-1: Ground out 6-3 (Groundball, 6M)
Batting: RHB Jeff Duncan 0-0: Fly out, F7 (Flyball, 7)
Batting: RHB Travis Baker 0-0: SINGLE (Groundball, 34D)
Batting: RHB Dave Stroud 0-0: Ball
1-0: Foul Ball, location: 2F
1-1: DOUBLE (Groundball, 5L)
Travis Baker to third
Runner from 3rd tries for Home, SAFE, no throw
Batting: SHB Al Swanson 0-0: Ball
1-0: Called Strike
1-1: Called Strike
1-2: Strikes out swinging
Top of the 4th over - 3 runs, 4 hits, 0 errors, 1 left on base; Huntsville HS 3 - Santa Fe HS 6
BOTTOM OF THE 4TH
Santa Fe HS Chiefs batting - Pitching for Huntsville HS Wasps : RHP Bryan Lynch
Batting: RHB Ken Walters 0-0: Ball
1-0: Fly out, F9 (Flyball, 9LM)
Batting: RHB George Hill 0-0: Foul Ball, location: 2F
0-1: Foul Ball, location: 2F
0-2: Ball
1-2: Ball
2-2: Foul Ball, location: 2F
2-2: Foul Ball, location: 2F
2-2: Strikes out swinging
Batting: RHB Chris Ledoux 0-0: Foul Ball, location: 2F
0-1: SINGLE (Groundball, 56D)
Pitching: RHP Tom Basano
Batting: RHB Juan Bannatyne 0-0: Foul Ball, location: 2F
0-1: Called Strike
Chris Ledoux is caught stealing 2nd base
Bottom of the 4th over - 0 runs, 1 hit, 0 errors, 0 left on base; Huntsville HS 3 - Santa Fe HS 6
TOP OF THE 5TH
Huntsville HS Wasps batting - Pitching for Santa Fe HS Chiefs : RHP Ken Snyder
Batting: RHB Fernando Sauceda 0-0: Ball
1-0: Ball
2-0: Ball
3-0: Base on Balls
Batting: RHB Travis McKenzie 0-0: Ball
1-0: Called Strike
1-1: Ball
2-1: Ball
3-1: Foul Ball, location: 2F
3-2: Grounds into double play, 6-4-3 (Groundball, 6)
Batting: RHB David Kemp 0-0: Called Strike
0-1: Ball
1-1: Swinging Strike
1-2: Foul Ball, location: 2F
1-2: Strikes out swinging
Top of the 5th over - 0 runs, 0 hits, 0 errors, 0 left on base; Huntsville HS 3 - Santa Fe HS 6
BOTTOM OF THE 5TH
Santa Fe HS Chiefs batting - Pitching for Huntsville HS Wasps : RHP Tom Basano
Batting: RHB Juan Bannatyne 0-0: Called Strike
0-1: Swinging Strike
0-2: Strikes out swinging, 2-3 out at first.
Batting: SHB Victor Gaines 0-0: Foul Ball, location: 2F
0-1: Ball
1-1: Foul Ball, location: 2F
1-2: Hit by Pitch
Batting: RHB Anthony Scott 0-0: Ball
1-0: Grounds into double play, 6-4-3 (Groundball, 6)
Bottom of the 5th over - 0 runs, 0 hits, 0 errors, 0 left on base; Huntsville HS 3 - Santa Fe HS 6
TOP OF THE 6TH
Huntsville HS Wasps batting - Pitching for Santa Fe HS Chiefs : RHP Ken Snyder
Batting: RHB Chester Horn 0-0: Foul Ball, location: 2F
0-1: Foul Ball, location: 2F
0-2: Foul Ball, location: 2F
0-2: Foul Ball, location: 2F
0-2: Foul Ball, location: 2F
0-2: Foul Ball, location: 2F
0-2: Foul Ball, location: 2F
0-2: SOLO HOME RUN (Flyball, 9D), Distance : 393 ft
Batting: RHB Charlie Harris 0-0: Ball
1-0: Foul Ball, location: 2F
1-1: Hit by Pitch
Pitching: RHP Joe Green
Batting: RHB Jeff Duncan 0-0: Ball
1-0: Called Strike
1-1: Ball
2-1: Foul Ball, location: 2F
2-2: Ball
3-2: Grounds into double play, 6-4-3 (Groundball, 56)
Batting: RHB Travis Baker 0-0: Called Strike
0-1: Ball
1-1: Foul Ball, location: 2F
1-2: Ball
2-2: Ball
3-2: SINGLE (Line Drive, 78S)
Batting: RHB Dave Stroud 0-0: Fly out, F9 (Line Drive, 89M)
Top of the 6th over - 1 run, 2 hits, 0 errors, 1 left on base; Huntsville HS 4 - Santa Fe HS 6
BOTTOM OF THE 6TH
Santa Fe HS Chiefs batting - Pitching for Huntsville HS Wasps : RHP Tom Basano
Batting: RHB Dave Cooke 0-0: Ball
1-0: Foul Ball, location: 2F
1-1: Reached on error, E6 (Groundball, 6)
Batting: RHB Bryan Tillman 0-0: Ball
1-0: Ball
2-0: Called Strike
2-1: Swinging Strike
2-2: Foul Ball, location: 2F
2-2: Strikes out swinging
Batting: RHB Stanley Austin 0-0: Ball
1-0: Called Strike
1-1: Fly out, F9 (Flyball, 9LS)
Batting: RHB Ken Walters 0-0: Foul Ball, location: 2F
0-1: Called Strike
0-2: Strikes out swinging
Bottom of the 6th over - 0 runs, 0 hits, 1 error, 1 left on base; Huntsville HS 4 - Santa Fe HS 6
TOP OF THE 7TH
Huntsville HS Wasps batting - Pitching for Santa Fe HS Chiefs : RHP Joe Green
Batting: SHB Al Swanson 0-0: Ball
1-0: Foul Ball, location: 2F
1-1: Called Strike
1-2: Ball
2-2: Fly out, F6 (Popup, 6MD)
Batting: RHB Fernando Sauceda 0-0: Fly out, F7 (Line Drive, 7)
Batting: RHB Travis McKenzie 0-0: Ball
1-0: Swinging Strike
1-1: Ball
2-1: Ball
3-1: Base on Balls
Batting: RHB David Kemp 0-0: Called Strike
0-1: SINGLE (Flyball, 8RS)
Travis McKenzie to second
Batting: RHB Chester Horn 0-0: Ball
1-0: Foul Ball, location: 2F
1-1: Swinging Strike
1-2: Strikes out swinging
Top of the 7th over - 0 runs, 1 hit, 0 errors, 2 left on base; Huntsville HS 4 - Santa Fe HS 6
BOTTOM OF THE 7TH
Santa Fe HS Chiefs batting - Pitching for Huntsville HS Wasps : RHP Tom Basano
Batting: RHB George Hill 0-0: Ball
1-0: Ball
2-0: SOLO HOME RUN (Line Drive, 9LD), Distance : 357 ft
Batting: RHB Chris Ledoux 0-0: Called Strike
0-1: Ball
1-1: Ball
2-1: Called Strike
2-2: Foul Ball, location: 2F
2-2: Ground out 5-3 (Groundball, 5L)
Batting: RHB Juan Bannatyne 0-0: Called Strike
0-1: Fly out, F7 (Flyball, 7LSF)
Batting: SHB Victor Gaines 0-0: Ball
1-0: Fly out, F7 (Flyball, 7S)
Bottom of the 7th over - 1 run, 1 hit, 0 errors, 0 left on base; Huntsville HS 4 - Santa Fe HS 7
TOP OF THE 8TH
Huntsville HS Wasps batting - Pitching for Santa Fe HS Chiefs : RHP Joe Green
Batting: RHB Charlie Harris 0-0: Called Strike
0-1: Foul Ball, location: 2F
0-2: Ball
1-2: Ball
2-2: Foul Ball, location: 2F
2-2: Ball
3-2: Foul Ball, location: 2F
3-2: Strikes out swinging
Batting: RHB Jeff Duncan 0-0: Called Strike
0-1: Called Strike
0-2: SINGLE (Line Drive, 34)
Batting: RHB Travis Baker 0-0: Ground out U3 (Groundball, 34S)
Jeff Duncan to second
Batting: RHB Dave Stroud 0-0: Called Strike
0-1: Foul Ball, location: 2F
0-2: Strikes out swinging
Top of the 8th over - 0 runs, 1 hit, 0 errors, 1 left on base; Huntsville HS 4 - Santa Fe HS 7
BOTTOM OF THE 8TH
Santa Fe HS Chiefs batting - Pitching for Huntsville HS Wasps : RHP Tom Basano
Batting: RHB Anthony Scott 0-0: Ball
1-0: Ball
2-0: Ball
3-0: Called Strike
3-1: SINGLE (Flyball, 9S)
Batting: RHB Dave Cooke 0-0: Foul Ball, location: 2F
0-1: Grounds into double play, 5-4-3 (Groundball, 56)
Batting: RHB Bryan Tillman 0-0: Called Strike
0-1: Ball
1-1: Ball
2-1: Foul Ball, location: 2F
2-2: Ball
3-2: Ground out 5-3 (Groundball, 56)
Bottom of the 8th over - 0 runs, 1 hit, 0 errors, 0 left on base; Huntsville HS 4 - Santa Fe HS 7
TOP OF THE 9TH
Huntsville HS Wasps batting - Pitching for Santa Fe HS Chiefs : RHP Joe Green
Batting: SHB Al Swanson 0-0: Fly out, F4 (Popup, 13)
Batting: RHB Fernando Sauceda 0-0: Ground out 5-3 (Groundball, 56S)
Batting: RHB Travis McKenzie 0-0: Ball
1-0: Ball
2-0: Ball
3-0: Base on Balls
Batting: RHB David Kemp 0-0: Ball
1-0: 2-RUN HOME RUN (Flyball, 7D), Distance : 396 ft
Pitching: RHP Mike Castle
Batting: RHB Chester Horn 0-0: Ball
1-0: Ball
2-0: Foul Ball, location: 2F
2-1: Ball
3-1: Foul Ball, location: 2F
3-2: Base on Balls
Batting: RHB Charlie Harris 0-0: Called Strike
0-1: Ball
1-1: Foul Ball, location: 2F
1-2: SINGLE (Line Drive, 7LS)
Chester Horn to second
Batting: RHB Jeff Duncan 0-0: Ball
1-0: SINGLE (Groundball, 6M) (infield hit)
Chester Horn to third
Charlie Harris to second
Batting: RHB Travis Baker 0-0: Fielders Choice at 2nd, 5-4 (Groundball, 56)
Top of the 9th over - 2 runs, 3 hits, 0 errors, 3 left on base; Huntsville HS 6 - Santa Fe HS 7
Saturday, April 7th, 2018 - OOTP Baseball 18.8 Build 76